 Dungeon Crawl Stone Soup version 0.32-a0-995-gb4a59205af (webtiles) character file.

Game seed: 7099405594518988563

6829 bananaken the Summoner (level 10, -10/45 HPs)
             Began as a Felid Summoner on Apr 22, 2024.
             Mangled by a centaur
             ... wielding a +0 long sword
              (12 damage)
             ... on level 9 of the Dungeon.
             The game lasted 00:50:56 (10393 turns).

bananaken the Summoner (Felid Summoner)            Turns: 10393, Time: 00:50:56

Health: -10/45     AC:  2    Str: 12    XL:     10   Next: 77%
Magic:  21/23      EV: 16    Int: 21    God:
Gold:   433        SH:  0    Dex: 15    Spells: 12/26 levels left
                                        Lives:  0   Deaths: 4

rFire   . . .        (weapon unavailable)
rCold   . . .        (shield unavailable)
rNeg    . . .        (body armour unavailable)
rPois   .            (helmet unavailable)
rElec   .            (cloak unavailable)
rCorr   .            (gloves unavailable)
SInv    +            (boots unavailable)
Will    +....        (no amulet)
Stlth   ++           g - ring of wizardry
HPRegen 0.27/turn    (no ring)
MPRegen 0.18/turn

%: wizardry (x1)
@: inugami summoned
A: very small, claws 1, fangs 3, see invisible, shaggy fur 2, stealthy paws, no
weapons or thrown items, no armour, multi-lived, sense surroundings 1, strong 2
a: no special abilities


You were on level 9 of the Dungeon.
You visited 2 branches of the dungeon, and saw 10 of its levels.

You collected 433 gold pieces.

Inventory:

Jewellery
 d - a ring of poison resistance
 e - a ring of positive energy
 g - a ring of wizardry (left paw)
 l - a ring of fire
Wands
 q - a wand of digging (3)
 t - a wand of paralysis (25)
Scrolls
 b - 2 scrolls of poison
 c - 2 scrolls of enchant armour
 k - a scroll of noise {unknown}
 m - 4 scrolls of revelation {unknown}
 o - 3 scrolls of identify
Potions
 a - 3 potions of magic
 f - 2 potions of might {unknown}
 h - 2 potions of resistance
 n - a potion of ambrosia {unknown}
 p - a potion of lignification
 r - a potion of attraction
 v - a potion of degeneration {unknown}


   Skills:
 - Level 1.1 Fighting
 - Level 3.3 Dodging
 - Level 2.7 Stealth
 + Level 8.6 Spellcasting
 - Level 11.0 Summonings
 - Level 5.0 Fire Magic
 - Level 5.0 Air Magic
 - Level 5.0 Evocations


You had 12 spell levels left.
You knew the following spells:

 Your Spells              Type           Power      Damage    Failure   Level
a - Summon Small Mammal   Summ           100%       N/A       1%          1
b - Call Imp              Summ           100%       N/A       1%          2
c - Call Canine Familiar  Summ           53%        N/A       1%          3
d - Summon Blazeheart Go  Fire/Summ      42%        N/A       1%          4
e - Summon Lightning Spi  Summ/Air       42%        N/A       1%          4

Your spell library contained the following spells:

 Spells                   Type           Power      Damage    Failure   Level
 Kiss of Death            Conj/Necr      36%        2d8       3%          1
 Confusing Touch          Hex            9%         N/A       9%          3
 Ignite Poison            Fire/Alch      19%        N/A       11%         4
 Sticky Flame             Fire/Alch      19%        2d6       11%         4
 Dispel Undead            Necr           9%         3d8       28%         4
 Summon Horrible Things   Summ           26%        N/A       89%         8
 Malign Gateway           Summ/Tloc      16%        N/A       92%         7
 Ignition                 Fire           15%        3d6       100%        8


Dungeon Overview and Level Annotations

Branches:
Dungeon (9/15)             Temple (1/1) D:7
   Lair: D:8-11         Orc: D:9-12

Altars:
Cheibriados
Dithmenos
Fedhas
Hepliaklqana
Makhleb
Nemelex Xobeh
Okawaru
Ru
Sif Muna
Trog
Vehumet
Xom
Zin
The Shining One
Lugonu

Shops:
D:3 =:(!   D:4 =   D:5 ?


Innate Abilities, Weirdness & Mutations

You have sharp claws.
You have razor-sharp teeth.
You have supernaturally acute eyesight. (SInv)
You are covered in thick fur. (AC +2)
Your paws help you pounce on unaware monsters.
You are incapable of wielding weapons or throwing items.
You cannot wear armour.
You gain extra lives every three experience levels.
You passively map a small area around you.
Your muscles are very strong. (Str +8, Int/Dex -2)


Message History

Press: ? - help, v - describe, . - travel
Here: a centaur, wielding a +0 long sword, quivering stones and carrying a wand of warping The floor.
The centaur zaps a wand.
Space twists violently!
The rupture engulfs you!
You hear a shout!
The centaur barely misses you. x2; The centaur closely misses you.
The centaur barely misses you.
Casting: Summon Blazeheart Golem (dangerous; 1% risk of failure)
Confirm with . or Enter, or press ? or * to list all spells.
You call for your canine familiar and it appears with a howl!
The centaur barely misses you.
The centaur kicks you but does no damage.
You barely miss the centaur.
The centaur hits you with a +0 long sword!
The centaur barely misses you. x2; The centaur closely misses you.
You scratch the centaur. Your bite misses the centaur.
The centaur is lightly wounded.
The centaur hits you with a +0 long sword!
The centaur barely misses you.
Your inugami hits the centaur!
You scratch the centaur but do no damage.
Your bite misses the centaur.
The centaur is heavily wounded.
The centaur misses you. The centaur closely misses you.
The centaur completely misses you. The centaur closely misses you.
Your inugami barely misses the centaur.
You scratch the centaur but do no damage.
You bite the centaur, but do no damage.
The centaur is heavily wounded.
The centaur hits you with a +0 long sword.
The centaur kicks you.
* * * LOW HITPOINT WARNING * * *
Your inugami hits the centaur!
Unknown command.
You scratch the centaur but do no damage.
The centaur is severely wounded.
The centaur hits you with a +0 long sword!
* * * LOW HITPOINT WARNING * * *
The centaur kicks you but does no damage.
The centaur hits you with a +0 long sword!
You die...

* , , ,* ....
...# , , .....
..# ,* * .....
..#, *
........########
*
......#.#...hc.#
......#I#.##@#.#,
......†.#.#..#.#
*
........#...<#.#
* *
......#)######.#,
.....,#..Y9..)†#
* , ....
,#..oY#####, *
,.oY ####.# * , ,
.., #..# **** * .
##.# ,


You could see a centaur (ally target) and a friendly inugami (summoned).

Vanquished Creatures
  An orange demon (D:8)
  3 yaks (D:9)
  A steam dragon (D:7)
  Grum (D:8)
  Duvessa (D:6)
  A wolf (D:7)
  An ogre (D:4)
  2 phantoms (D:4)
  A lemure (D:6)
  A gnoll sergeant (D:8)
  2 killer bees (D:8)
  2 howler monkeys (D:8)
  An orc priest (D:8)
  A gnoll (D:8)
  2 shadow imps
  2 orcs
  2 ball pythons
  A giant cockroach (D:3)
  2 hobgoblins (D:4)
  2 quokkas
  A bat (D:1)
  A frilled lizard (D:2)
  2 rats
34 creatures vanquished.

Vanquished Creatures (collateral kills)
  Amaemon (D:8)
  Pikel (D:6)
  Maurice (D:8)
  Prince Ribbit (D:6)
  Sigmund (D:6)
  2 yaks (D:9)
  Edmund (D:4)
  A water moccasin (D:5)
  An orc warrior (D:6)
  5 ice beasts
  An ogre (D:6)
  3 wolves (D:7)
  3 centaurs
  2 phantoms
  3 lemures
  A kobold brigand (D:8)
  A gnoll sergeant (D:7)
  2 bullfrogs
  4 scorpions
  4 wights (D:7)
  Dowan (D:6)
  2 killer bees (D:8)
  A howler monkey (D:7)
  2 lava snakes (D:8)
  4 orc priests
  3 bombardier beetles
  2 hounds
  2 iguanas
  3 sleepcaps
  2 orc wizards
  9 gnolls
  4 adders
  A shadow imp (D:5)
  A white imp (D:7)
  An ufetubus (D:7)
  A ribbon worm (D:2)
  3 dart slugs
  25 orcs
  7 ball pythons
  6 endoplasms
  3 giant cockroaches
  9 goblins
  8 hobgoblins
  4 jackals (D:3)
  20 kobolds
  A quokka (D:1)
  5 bats
  4 frilled lizards
  3 rats
176 creatures vanquished.

Vanquished Creatures (others)
  Ijyb (D:3)
  5 blazeheart cores
6 creatures vanquished.

Grand Total: 216 creatures vanquished

Notes
Turn   | Place    | Note
-------+----------+-------------------------------------------
     0 | D:1      | bananaken the Felid Summoner began the quest for the Orb.
     0 | D:1      | Reached XP level 1. HP: 9/9 MP: 4/4
   245 | D:1      | Reached XP level 2. HP: 13/13 MP: 1/6
   252 | D:1      | Learned a level 2 spell: Call Imp
   980 | D:1      | Reached XP level 3. HP: 16/16 MP: 4/7
  1151 | D:2      | Learned a level 3 spell: Call Canine Familiar
  1170 | D:2      | Reached skill level 5 in Summonings
  1474 | D:2      | Found a faded altar of an unknown god.
  1796 | D:2      | Reached skill level 1 in Fighting
  2010 | D:2      | Reached XP level 4. HP: 22/22 MP: 2/8
  2010 | D:2      | Gained a life (2 lives remaining)
  2534 | D:3      | Found Doevukh's Distillery.
  2585 | D:3      | Identified the +2 hat of Okawaru, Hurling {rElec Int+8}
  2629 | D:3      | Noticed Ijyb
  2754 | D:3      | Found Cosmosuc's Jewellery Emporium.
  2883 | D:3      | Found Bowifuv's Weapon Shop.
  2883 | D:3      | Noticed a +0 giant spiked club
  2885 | D:3      | Noticed a +0 demon whip
  3000 | D:3      | Found Uttasir's Book Shop.
  3061 | D:3      | Reached XP level 5. HP: 25/25 MP: 4/9
  3339 | D:3      | Identified the +2 robe of Vlad {rPois SInv}
  3371 | D:3      | Killed Ijyb
  3514 | D:4      | Noticed a phantom
  3520 | D:4      | Noticed Edmund
  3598 | D:4      | Found Nyru's One-of-a-Kind Rings.
  3617 | D:3      | Reached skill level 6 in Summonings
  3623 | D:3      | Learned a level 4 spell: Summon Blazeheart Golem
  3774 | D:3      | Killed a phantom
  3775 | D:3      | Reached skill level 1 in Fire Magic
  3775 | D:3      | Gained mutation: You are covered in thick fur. (AC +2)
                  | [Felid growth]
  3775 | D:3      | Reached XP level 6. HP: 21/30 MP: 0/11
  4136 | D:4      | HP: 1/30 [centaur/arrow (12)]
  4138 | D:4      | Shot with an arrow by a centaur
  4138 | D:4      | Lost a life (1 life remaining)
  4160 | D:4      | Reached XP level 7. HP: 33/33 MP: 9/13
  4160 | D:4      | Gained a life (2 lives remaining)
  4431 | D:4      | Killed Edmund
  4773 | D:5      | Entered Level 5 of the Dungeon
  4773 | D:5      | Found Haut's Magic Scroll Boutique.
  4824 | D:5      | Learned a level 4 spell: Summon Lightning Spire
  4888 | D:5      | Reached skill level 7 in Summonings
  4888 | D:5      | Reached skill level 1 in Air Magic
  5089 | D:5      | Reached XP level 8. HP: 37/37 MP: 15/15
  5783 | D:6      | Noticed Pikel
  5834 | D:6      | Paralysed by Pikel for 5 turns
  6011 | D:6      | Noticed Duvessa
  6011 | D:6      | Noticed Dowan
  6108 | D:6      | Killed Dowan
  6117 | D:6      | Killed Duvessa
  6299 | D:6      | Reached skill level 5 in Fire Magic
  6358 | D:6      | Killed Pikel
  6359 | D:6      | Reached skill level 8 in Summonings
  6359 | D:6      | Reached skill level 5 in Air Magic
  6359 | D:6      | Reached XP level 9. HP: 41/41 MP: 5/16
  6489 | D:6      | Noticed Sigmund
  6497 | D:6      | Reached skill level 1 in Evocations
  6498 | D:6      | Killed Sigmund
  6819 | D:6      | Found a faded altar of an unknown god.
  6819 | D:6      | Found a faded altar of an unknown god.
  6821 | D:6      | Found a hazy altar of Hepliaklqana.
  6871 | D:6      | Noticed Prince Ribbit
  6900 | D:6      | Killed Prince Ribbit
  6901 | D:6      | Reached skill level 9 in Summonings
  7230 | D:6      | Found a shadowy altar of Dithmenos.
  7626 | D:7      | Found a staircase to the Ecumenical Temple.
  7639 | Temple   | Entered the Ecumenical Temple
  7692 | D:7      | Engulfed by a steam dragon's steam
  7692 | D:7      | Lost a life (1 life remaining)
  7744 | D:7      | Found a burning altar of Makhleb.
  8186 | D:7      | Reached skill level 5 in Spellcasting
  8583 | D:7      | Reached skill level 5 in Evocations
  8651 | D:8      | Noticed Maurice
  8652 | D:8      | Paralysed by Maurice for 4 turns
  8665 | D:7      | Slain by a wolf
  8665 | D:7      | Lost a life (0 lives remaining)
  8719 | D:8      | Noticed Grum
  8892 | D:7      | Reached skill level 10 in Summonings
  8987 | D:7      | Gained mutation: You passively map a small area around you.
                  | [potion of mutation]
  8987 | D:7      | Gained mutation: Your muscles are strong. (Str +4, Int/Dex
                  | -1) [potion of mutation]
  8987 | D:7      | Gained mutation: Your muscles are very strong. (Str +8,
                  | Int/Dex -2) [potion of mutation]
  8988 | D:7      | HP: 3/61 [wolf[Grum] (4)]
  9149 | D:7      | Reached XP level 10. HP: 40/45 MP: 15/19
  9149 | D:7      | Gained a life (1 life remaining)
  9194 | D:8      | Killed from afar by an orc priest
  9194 | D:8      | Lost a life (0 lives remaining)
  9212 | D:8      | Killed Grum
  9215 | D:8      | Killed Maurice
  9440 | D:8      | Noticed an orange demon
  9440 | D:8      | Noticed Amaemon
  9460 | D:8      | Killed an orange demon
  9463 | D:8      | Killed Amaemon
  9628 | D:8      | Found a bloodstained altar of Trog.
  9719 | D:8      | Reached skill level 11 in Summonings
  9838 | D:8      | Found a sacrificial altar of Ru.
  9839 | D:8      | Found a blossoming altar of Fedhas.
  9944 | D:8      | Found an iron altar of Okawaru.
 10018 | D:8      | Found a glowing silver altar of Zin.
 10393 | D:9      | HP: 2/45 [centaur/+0 long sword (11)]
 10393 | D:9      | Mangled by a centaur

Illustrated notes

Levels and vault maps discovered:
D:1:      lordsloth_arrival_two_stooges, layout_basic
D:2:      layout_basic, ebering_ecumenical_altar_petrified
D:3:      layout_loops_ring, serial_shops, shop, nicolae_shop_behind_doors,
          nicolae_square_shop, nicolae_shop_mannequins, st_stairs_4,
          minmay_starry_boxes, uniq_ijyb
D:4:      layout_cave_pools, nicolae_shop_unique_rings, uniq_edmund
D:5:      layout_gridville, serial_shops, shop_scrolls,
          kennysheep_generic_room_2
D:6:      layout_cave_pods, grunt_dithmenos_shadows,
          nicolae_hepliaklqana_ecumenical_no_more, uniq_prince_ribbit1,
          uniq_pikel, uniq_duvessa, uniq_sigmund
D:7:      layout_basic, marbit_many_paths, temple_fountains
D:8:      layout_cave_pools, hellmonk_okawaru_the_only_friend_you_need,
          kennysheep_little_box, lightli_temple_of_fire,
          mainiacjoe_overflow_divided_tiny, nicolae_grassy_gnolls, uniq_maurice,
          uniq_amaemon, uniq_grum
D:9:      layout_basic, hiddenorc1_lemuel
Temple:   corrupted_temple

Skill      XL: |  1  2  3  4  5  6  7  8  9 10 |
---------------+-------------------------------+-----
Summonings     | 5 6 7 8 10 11 | 11.0
Fighting       | 1 |  1.1
Dodging        | 3 |  3.3
Spellcasting   | 3 4 5 8 |  8.6
Fire Magic     | 1 2 4 5 |  5.0
Air Magic      | 1 5 |  5.0
Evocations     | 5 |  5.0
Stealth        | |  2.7

Action                     |  1- 3 |  4- 6 |  7- 9 | 10-12 || total
---------------------------+-------+-------+-------+-------++-------
  Melee: Unarmed           |    20 |    18 |    71 |    26 ||   135
         Bite              |     4 |     4 |     7 |     3 ||    18
         Punch             |       |       |     1 |       ||     1
   Cast: Summon Small Mamm |    31 |    13 |    14 |     2 ||    60
         Call Imp          |    19 |    26 |    27 |     6 ||    78
         Call Canine Famil |    10 |    21 |    32 |     9 ||    72
         Summon Blazeheart |       |       |     4 |     6 ||    10
         Summon Lightning  |       |       |    20 |    10 ||    30
  Evoke: Wand              |       |     1 |     4 |     1 ||     6
    Use: Scroll            |       |    10 |     2 |     4 ||    16
         Potion            |       |     1 |     8 |       ||     9
   Stab: Sleeping          |       |       |     3 |     1 ||     4
         Distracted        |       |       |     1 |       ||     1
         Paralysed         |       |       |     8 |       ||     8
         Betrayed ally     |       |       |     1 |       ||     1
 Armour: Skin              |    11 |    22 |    94 |    34 ||   161
  Dodge: Dodged            |    26 |    68 |   116 |    57 ||   267

Table legend: (Time is in decaauts)
 A = Elapsed time spent in this place.
 B = Non-inter-level travel time spent in this place.
 C = Inter-level travel time spent in this place.
 D = Time resting spent in this place.
 E = Time spent auto-exploring this place.
 F = Levels seen in this place.
 G = Mean time per level.
                   A        B        C        D        E       F      G
               +--------+--------+--------+--------+--------+-----+--------+
         Total |  10406 |   9984 |    422 |   1532 |   5996 |  10 | 1040.6 |
       Dungeon |  10372 |   9956 |    416 |   1532 |   5996 |   9 | 1152.4 |
        Temple |     33 |     27 |      6 |      0 |      0 |   1 |   33.0 |
               +--------+--------+--------+--------+--------+-----+--------+

Top non-repeatable levels by time:
     D:7: 1680 daAuts
     D:3: 1513 daAuts
     D:5: 1448 daAuts
     D:6: 1223 daAuts
     D:8: 1125 daAuts
     D:1: 1125 daAuts
     D:2: 1105 daAuts
     D:4: 1031 daAuts
     D:9: 119 daAuts
  Temple: 33 daAuts
